 Dungeon Crawl Stone Soup version 0.21-a0-513-gdcb3f5e (webtiles) character file.

36 Gerstahl the Cutter (level 3, -1/28 HPs)
             Began as a Demonspawn Gladiator on Dec 1, 2017.
             Slain by a sky beast (6 damage)
             ... on level 2 of the Dungeon.
             The game lasted 00:01:14 (987 turns).

Gerstahl the Cutter (Demonspawn Gladiator)           Turns: 987, Time: 00:01:15

Health: -1/28      AC:  3    Str: 14    XL:     3   Next: 19%
Magic:  3/3        EV: 13    Int:  9    God:
Gold:   68         SH:  0    Dex: 15    Spells: 2/2 levels left

rFire    . . .     SeeInvis .   a - +0 rapier
rCold    . . .     Gourm    .   (no shield)
rNeg     . . .     Faith    .   b - +0 leather armour
rPois    .         Spirit   .   (helmet restricted)
rElec    .         Reflect  .   (no cloak)
rCorr    .         Harm     .   (no gloves)
MR       .....                  (no boots)
Stlth    +.........             (no amulet)
HPRegen  0.09/turn              (no ring)
MPRegen  0.08/turn              (no ring)

@: no status effects
A: horns 1, sturdy frame 1
a: no special abilities


You were on level 2 of the Dungeon.
You were not hungry.

You visited 1 branch of the dungeon, and saw 2 of its levels.

You collected 68 gold pieces.

Inventory:

Hand Weapons
 a - a +0 rapier (weapon)
Missiles
 d - a throwing net (quivered)
Armour
 b - a +0 leather armour (worn)
 c - a +0 helmet
Scrolls
 g - a scroll of immolation {unknown}
 i - a scroll of remove curse {unknown}
Potions
 e - a potion of cancellation {unknown}
 h - 3 potions of curing {unknown}
 j - a potion of degeneration {unknown}
Comestibles
 f - a bread ration
 k - 4 fruits


   Skills:
 + Level 2.9 Fighting
 + Level 3.3 Short Blades
 - Level 1.7 Throwing
 - Level 2.6 Dodging


You had 2 spell levels left.
You didn't know any spells.

Dungeon Overview and Level Annotations

Branches:
Dungeon (2/15)

Altars:


Innate Abilities, Weirdness & Mutations

You have a pair of small horns on your head.
Your movements are slightly less encumbered by armour. (ER -2)


Message History

You hit the sky beast.
The sky beast is severely wounded.
The sky beast struggles against the net.
You hit the sky beast but do no damage.
The sky beast is severely wounded.
The sky beast struggles against the net.
The net rips apart, and the sky beast comes free!
You hit the sky beast. You headbutt the sky beast.
The sky beast is almost dead.
The sky beast hits you. The sky beast shocks you.
* * * LOW HITPOINT WARNING * * *
You closely miss the sky beast.
The sky beast is almost dead.
The sky beast closely misses you.
You closely miss the sky beast.
The sky beast is almost dead.
The sky beast hits you.
* * * LOW HITPOINT WARNING * * *
The sky beast shocks you.
You die...

#.#.# ..# #.#.# ..#
#.#.# ..# #.#.# ..##
#.#.#######...#
#.#.##......#.#
#####.#.##.###....#
#.....)....###.#######
#.#...†.....##@.......
#.#.#######.##Y#######
#.#.# ...##.##.#
#.#)##..........
#....#...# ....#
#.#.#<#.# .##.#
#..†....# #.#
#.#.#.### #(# ##...##


You could see a sky beast.

Vanquished Creatures
  A dart slug (D:1)
  A leopard gecko (D:1)
  5 bats
  3 giant cockroaches
  6 goblins
  A hobgoblin (D:1)
  6 kobolds (D:1)
  3 frilled lizards (D:1)
  4 rats
30 creatures vanquished.

Notes
Turn   | Place    | Note
-------+----------+-------------------------------------------
     0 | D:1      | Gerstahl the Demonspawn Gladiator began the quest for the Orb.
     0 | D:1      | Reached XP level 1. HP: 16/16 MP: 1/1
    46 | D:1      | Reached skill level 3 in Short Blades
    82 | D:1      | Gained mutation: Your movements are slightly less encumbered by armour. (ER -2) [demonic ancestry]
    82 | D:1      | Reached XP level 2. HP: 21/23 MP: 2/2
   796 | D:1      | Gained mutation: You have a pair of small horns on your head. [demonic ancestry]
   796 | D:1      | Reached XP level 3. HP: 27/28 MP: 3/3
   972 | D:2      | Noticed a sky beast
   987 | D:2      | Slain by a sky beast

Vault maps used:
D:1:      nicolae_arrival_washed_ashore
D:2:      tgw_trog, first_bread, uniq_sigmund, uniq_crazy_yiuf_cottage

Skill      XL: |  1 |
---------------+----+-----
Short Blades   | 3 |  3.3
Fighting       | |  2.9
Throwing       | |  1.7
Dodging        | |  2.6

Action                   || total
-------------------------++-------
Melee: Rapier            ||    86
       Headbutt          ||     3
Throw: Throwing net      ||     2
 Stab: Sleeping          ||     1
Armor: Leather armour    ||    17
Dodge: Dodged            ||    49

Table legend:
 A = Spawn XP
 B = Non-spawn XP
 C = Spawn XP percentage of total XP
 D = Spawn monster count
 E = Non-spawn monster count
 F = Spawn count percentage of total count
 G = Total turns spent on level
                    A         B        C        D         E        F      G
               +---------+---------+-------+---------+---------+-------+---------
         Total |       0 |      52 |   0.0 |       0 |      30 |   0.0 |   987
               +---------+---------+-------+---------+---------+-------+---------
           D:1 |       0 |      46 |   0.0 |       0 |      26 |   0.0 |   946
           D:2 |       0 |       6 |   0.0 |       0 |       4 |   0.0 |    41
               +---------+---------+-------+---------+---------+-------+---------
